 Dungeon Crawl Stone Soup version 0.19-a0-376-gf780d9b (webtiles) character file.

2280 mistymad the Covert (level 9, -6/69 HPs)
             Began as a Vampire Enchanter on May 30, 2016.
             Mangled by an ogre
             ... wielding a +0 giant club
              (9 damage)
             ... on level 7 of the Dungeon.
             The game lasted 00:22:07 (7319 turns).

mistymad the Covert (Vampire Enchanter)             Turns: 7319, Time: 00:22:07

Health: -6/69      AC:  6    Str:  7    XL:     9   Next: 16%
Magic:  1/15       EV: 15    Int: 18    God:
Gold:   197        SH:  0    Dex: 17    Spells: 3 memorised, 11 levels left

rFire  . . .     SeeInvis +     a - +1 dagger
rCold  + . .     Gourm    .     b - +1 robe
rNeg   + + .     Faith    .     (no shield)
rPois  +         Spirit   .     (no helmet)
rElec  .         Dismiss  .     (no cloak)
rCorr  .         Reflect  .     G - +0 pair of gloves
SustAt .         Harm     .     y - +1 pair of boots {Stlth+}
MR     .....                    (no amulet)
Stlth  ++++++....               (no ring)
                                (no ring)

@: regenerating slowly, not resistant to hostile enchantments, very stealthy
A: fangs 3, see invisible, unbreathing
a: Bat Form


You were on level 7 of the Dungeon.
You were very thirsty.

You visited 1 branch of the dungeon, and saw 7 of its levels.

You collected 457 gold pieces.
You spent 260 gold pieces at shops.

Inventory:

Hand Weapons
 a - a +1 dagger (weapon)
 A - a cursed -2 dagger
Armour
 b - a +1 robe (worn)
 t - a +2 robe of positive energy
 y - a +1 pair of boots of stealth (worn)
 C - the +0 hat of the Ecumenical Temple {rN+, unknown}
   (You bought it in a shop on level 5 of the Dungeon)

   It protects you from negative energy.
 G - a +0 pair of gloves (worn)
Magical Staves
 B - a cursed staff of poison {unknown}
Jewellery
 f - an uncursed ring of flight {unknown}
 l - an uncursed ring of see invisible {unknown}
 q - a +6 ring of dexterity {unknown}
 x - an uncursed ring of sustain attributes {unknown}
Wands
 z - a wand of acid (0/15)
Scrolls
 g - 8 scrolls of identify {unknown}
 i - 3 scrolls of enchant weapon {unknown}
 k - 2 scrolls of immolation {unknown}
 o - 3 scrolls of remove curse {unknown}
 u - 2 scrolls of fog {unknown}
 v - a scroll of recharging {unknown}
 w - 3 scrolls of magic mapping {unknown}
 D - 2 scrolls of fear {unknown}
Potions
 d - 21 potions of blood
 e - a potion of lignification {unknown}
 j - 2 potions of brilliance {unknown}
 m - 2 potions of might {unknown}
 n - 5 potions of curing {unknown}
 p - 2 potions of flight {unknown}
 s - a potion of magic {unknown}
 E - a potion of invisibility {unknown}
 F - a potion of degeneration {unknown}
Books
 c - a book of Maledictions

   Spells                             Type                      Level
   a - Corona                         Hexes                        1
   b - Ensorcelled Hibernation        Hexes/Ice                    2
   c - Confuse                        Hexes                        3
   d - Tukima's Dance                 Hexes                        3
   e - Dazzling Spray                 Conjuration/Hexes            3


   Skills:
 * Level 5.9 Fighting
 + Level 4.7 Short Blades
 + Level 5.4 Dodging
 + Level 8.9 Stealth
 + Level 4.5 Spellcasting
 + Level 7.8 Hexes


You had 11 spell levels left.
You knew the following spells:

 Your Spells              Type           Power        Failure   Level  Hunger
a - Corona                Hex            ####...      1%          1    None
b - Ensorcelled Hibernat  Hex/Ice        ###...       4%          2    #......
c - Confuse               Hex            ####....     1%          3    ###....


Dungeon Overview and Level Annotations

Branches:
Dungeon (7/15)
 Temple: D:4-7

Altars:
Fedhas
Gozag
Hepliaklqana
Kikubaaqudgha
Pakellas
Ru
Ukayaw
Zin
The Shining One

Shops:
D:4 *   D:5 **


Innate Abilities, Weirdness & Mutations

You heal slowly.
You have razor-sharp teeth.
You have supernaturally acute eyesight. (SInv)
You can survive without breathing.


Message History

Confirm with . or Enter, or press ? or * to list all spells.
Aiming: Corona
Press: ? - help, Shift-Dir - straight line, f/p - spriggan baker
Aim: a spriggan baker, wielding a dagger and wearing a robe (almost dead, chance to defeat MR: 36%)
The spriggan baker is outlined in light.
The spriggan baker closely misses you.
You now have 1/15 mp.
You hit the spriggan baker.
You kill the spriggan baker!
You see here a dagger.
Casting: Corona
Confirm with . or Enter, or press ? or * to list all spells.
You don't have enough magic to cast that spell.
Casting: Corona
Confirm with . or Enter, or press ? or * to list all spells.
Aiming: Confuse
Press: ? - help, Shift-Dir - straight line, f - ogre
Aim: an ogre, wielding a giant club (moderately wounded, chance to defeat MR: 61%)
The ogre appears confused.
The ogre hits you with a giant club!
You die...

.................#
#...
############..####
#.....# #####.#
#.# # #.#
#%#.#.##########
#%..)...)......#
#####...@#####.#
####.O.....#
#########


You could see an ogre (confused).

Vanquished Creatures
  A spriggan (D:7)
  2 orc warriors (D:6)
  3 sky beasts
  A phantom (D:4)
  A centaur (D:6)
  4 ogres
  3 giant frogs
  A scorpion (D:4)
  2 howler monkeys (D:7)
  2 crimson imps
  2 orc priests (D:5)
  2 hounds
  A jelly (D:5)
  2 giant frog skeletons
  A gnoll shaman (D:7)
  3 centaur skeletons (D:7)
  4 orc wizards
  5 worker ants
  An iguana (D:7)
  A hound zombie (D:5)
  3 gnolls (D:7)
  13 adders
  2 shadow imps (D:6)
  3 worms
  A dart slug (D:1)
  A giant gecko (D:3)
  14 orcs
  6 giant cockroaches
  5 goblins
  7 hobgoblins
  16 jackals
  A quokka (D:7)
  6 bats
  A giant newt (D:1)
  A jackal skeleton (D:6)
  9 kobolds
  4 rats
135 creatures vanquished.

Notes
Turn   | Place    | Note
--------------------------------------------------------------
     0 | D:1      | mistymad the Vampire Enchanter began the quest for the Orb.
     0 | D:1      | Reached XP level 1. HP: 13/13 MP: 3/3
   680 | D:1      | Reached XP level 2. HP: 14/20 MP: 3/5
   704 | D:1      | Learned a level 2 spell: Ensorcelled Hibernation
  1009 | D:2      | Reached skill level 1 in Fighting
  1009 | D:2      | Reached XP level 3. HP: 26/26 MP: 6/6
  1053 | D:2      | Learned a level 3 spell: Confuse
  1453 | D:2      | Found a sacrificial altar of Ru.
  1805 | D:2      | Reached XP level 4. HP: 2/33 MP: 2/7
  1805 | D:2      | HP: 1/33 [poisoned by an adder]
  2385 | D:3      | Noticed an ogre
  2399 | D:3      | Reached skill level 5 in Stealth
  2412 | D:3      | Reached skill level 5 in Hexes
  2427 | D:3      | Killed an ogre
  2427 | D:3      | Reached XP level 5. HP: 22/39 MP: 1/8
  3234 | D:3      | Found an oddly glowing altar of Pakellas.
  3311 | D:4      | Found Nedosh's Assorted Antiques.
  3346 | D:4      | Noticed a sky beast
  3447 | D:4      | Killed a sky beast
  3447 | D:4      | Reached XP level 6. HP: 46/46 MP: 7/10
  3465 | D:4      | Bought a runed robe for 17 gold pieces
  3533 | D:4      | Reached skill level 6 in Stealth
  4093 | D:5      | Entered Level 5 of the Dungeon
  4106 | D:5      | Reached XP level 7. HP: 52/52 MP: 8/11
  4120 | D:5      | Found a glowing silver altar of Zin.
  4163 | D:5      | Found Gozag's Platinum Reserve.
  4184 | D:5      | Found an opulent altar of Gozag.
  4315 | D:5      | Found a glowing golden altar of the Shining One.
  4324 | D:5      | Found an ancient bone altar of Kikubaaqudgha.
  4605 | D:5      | Found Gingadaq's Assorted Antiques.
  4845 | D:5      | Bought a dazzling hat for 243 gold pieces
  4890 | D:5      | Reached skill level 7 in Stealth
  4895 | D:5      | Found a hide-covered altar to Ukayaw.
  4996 | D:6      | Found a glowing golden altar of the Shining One.
  5064 | D:6      | Reached XP level 8. HP: 45/61 MP: 13/13
  5704 | D:6      | Found a blossoming altar of Fedhas.
  5811 | D:6      | Reached skill level 8 in Stealth
  6099 | D:7      | Reached skill level 5 in Fighting
  6308 | D:7      | Reached skill level 5 in Dodging
  6888 | D:7      | Found a hazy altar of Hepliaklqana.
  7053 | D:6      | Reached XP level 9. HP: 32/69 MP: 10/15
  7301 | D:7      | HP: 2/69 [spriggan baker/dagger (10)]
  7319 | D:7      | Mangled by an ogre

Vault maps used:
D:1:      elethiomel_arrival_shortcut
D:2:      hangedman_ru_absence
D:3:      lemuel_coloured_pillars_altar, first_bread
D:4:      serial_shops, shop
D:5:      overflow_temple_1_default, nicolae_gozag_zags_fifth_avenue,
          kennysheep_little_box, overflow_temple_1_default, basic_altar,
          serial_shops, nicolae_shop_overgrown_old_shop
D:6:      kennysheep_mini_moat, tso_metal_star
D:7:      nicolae_overflow_crystal_walls, minmay_temple_entry_poolview,
          amethyst_killhole, the_bakery

Skill      XL: |  1  2  3  4  5  6  7  8 |
---------------+-------------------------+-----
Fighting       | 1 2 3 4 5 |  5.9
Short Blades   | 2 3 4 |  4.7
Stealth        | 5 6 7 8 |  8.9
Hexes          | 5 6 7 |  7.8
Dodging        | 3 4 5 |  5.4
Spellcasting   | 3 4 |  4.5

Action                   |  1- 3 |  4- 6 |  7- 9 || total
-------------------------+-------+-------+-------++-------
Melee: Dagger            |   157 |   142 |   425 ||   724
       Bite              |     6 |    17 |    37 ||    60
 Cast: Corona            |     3 |       |     3 ||     6
       Ensorcelled Hiber |     7 |     8 |    16 ||    31
       Confuse           |     5 |     9 |    57 ||    71
Evoke: Wand              |       |       |     1 ||     1
  Use: Potion            |     1 |     5 |     7 ||    13
 Stab: Sleeping          |    11 |    10 |    17 ||    38
       Distracted        |     1 |       |     3 ||     4
       Confused          |     1 |     6 |    24 ||    31
Armor: Robe              |    25 |    26 |    69 ||   120
Dodge: Dodged            |    99 |    97 |   274 ||   470
